| TOP OF THE 1ST |
|
Springfield Cardinals batting - Pitching for Colorado (EL) Rockies : RHP Iehohs Inatho
|
|
Pitching: RHP Iehohs Inatho
|
|
|
Batting: RHB Immel Kamuzu
|
0-0: Swinging Strike 0-1: Foul Ball, location: 2F 0-2: Ball 1-2: Ball 2-2: Ball 3-2: Strikes out swinging
|
|
Batting: RHB Tyler Walker
|
0-0: Ball 1-0: Called Strike 1-1: Ball 2-1: Ball 3-1: Base on Balls
|
|
Batting: LHB Travis Ruppel
|
0-0: Ball 1-0: Fly out, F8 (Flyball, 8LD, EV 88.8 MPH)
|
|
Batting: RHB Joe Alley
|
0-0: Ball 1-0: Foul Ball, location: 2F 1-1: Foul Ball, location: 2F 1-2: Ground out 5-3 (Groundball, 56S, EV 78.1 MPH)
|
| Top of the 1st over - 0 runs, 0 hits, 0 errors, 1 left on base; Springfield 0 - Colorado (EL) 0 |
| BOTTOM OF THE 1ST |
|
Colorado (EL) Rockies batting - Pitching for Springfield Cardinals : RHP Sean Hartgrove
|
|
Pitching: RHP Sean Hartgrove
|
|
|
Batting: LHB Nick Martin
|
0-0: Ball 1-0: Ball 2-0: Ball 3-0: Called Strike 3-1: Base on Balls
|
|
Batting: RHB Chris Osting
|
0-0: Ball 1-0: Fielders Choice at 2nd, 4-6 (Groundball, 4D, EV 108.1 MPH)
|
|
Batting: RHB T.J. Williams
|
0-0: Called Strike 0-1: Ball 1-1: Ball 2-1: SINGLE (Line Drive, 7S, EV 95.0 MPH) Chris Osting to second
|
|
Batting: RHB Matviy Oliynyk
|
0-0: Called Strike 0-1: Foul Ball, location: 2F 0-2: Strikes out swinging
|
|
Batting: LHB Daniel Green
|
0-0: Called Strike 0-1: Ball 1-1: Swinging Strike 1-2: DOUBLE (Line Drive, 78D, EV 106.2 MPH) Chris Osting scores T.J. Williams to third Runner from 3rd tries for Home, SAFE, no throw by LF
|
|
Batting: LHB Harry Folsom
|
0-0: Ball 1-0: Called Strike 1-1: Foul Ball, location: 2F 1-2: Ball 2-2: Strikes out swinging
|
| Bottom of the 1st over - 2 runs, 2 hits, 0 errors, 1 left on base; Springfield 0 - Colorado (EL) 2 |
| TOP OF THE 2ND |
|
Springfield Cardinals batting - Pitching for Colorado (EL) Rockies : RHP Iehohs Inatho
|
|
Batting: RHB Davey Beeson
|
0-0: Called Strike 0-1: Foul Ball, location: 2F 0-2: Strikes out swinging, 2-3 out at first.
|
|
Batting: RHB Jose Jimenez
|
0-0: Called Strike 0-1: Ball 1-1: Ball 2-1: Called Strike 2-2: Foul Ball, location: 2F 2-2: Foul Ball, location: 2F 2-2: Strikes out swinging
|
|
Batting: RHB Kalidas Mishra
|
0-0: Called Strike 0-1: Called Strike 0-2: Ball 1-2: Ground out 4-3 (Groundball, 4, EV 107.5 MPH)
|
| Top of the 2nd over - 0 runs, 0 hits, 0 errors, 0 left on base; Springfield 0 - Colorado (EL) 2 |
| BOTTOM OF THE 2ND |
|
Colorado (EL) Rockies batting - Pitching for Springfield Cardinals : RHP Sean Hartgrove
|
|
Batting: RHB Willie Benito
|
0-0: Called Strike 0-1: Ball 1-1: Ball 2-1: Ground out 6-3 (Groundball, 6MS, EV 79.4 MPH)
|
|
Batting: LHB Iehohs Inatho
|
0-0: Ball 1-0: Called Strike 1-1: Ball 2-1: Foul Ball, location: 2F 2-2: Ball 3-2: Fly out, F4 (Popup, 23, EV 88.1 MPH)
|
|
Batting: RHB Yamashita Yagi
|
0-0: Foul Ball, location: 2F 0-1: Ball 1-1: Ground out 6-3 (Groundball, 6, EV 102.5 MPH)
|
| Bottom of the 2nd over - 0 runs, 0 hits, 0 errors, 0 left on base; Springfield 0 - Colorado (EL) 2 |
| TOP OF THE 3RD |
|
Springfield Cardinals batting - Pitching for Colorado (EL) Rockies : RHP Iehohs Inatho
|
|
Batting: RHB Jonathan Davis
|
0-0: Ground out 4-3 (Groundball, 4, EV 89.4 MPH)
|
|
Batting: RHB Edgar Landim
|
0-0: Ground out 6-3 (Groundball, 6S, EV 78.1 MPH)
|
|
Batting: RHB Immel Kamuzu
|
0-0: Foul Ball, location: 2F 0-1: Ball 1-1: Foul Ball, location: 2F 1-2: Foul Ball, location: 2F 1-2: Foul Ball, location: 2F 1-2: Foul Ball, location: 2F 1-2: Strikes out swinging
|
| Top of the 3rd over - 0 runs, 0 hits, 0 errors, 0 left on base; Springfield 0 - Colorado (EL) 2 |
| BOTTOM OF THE 3RD |
|
Colorado (EL) Rockies batting - Pitching for Springfield Cardinals : RHP Sean Hartgrove
|
|
Batting: LHB Nick Martin
|
0-0: Called Strike 0-1: Fly out, F8 (Flyball, 8RD, EV 91.9 MPH)
|
|
Batting: RHB Chris Osting
|
0-0: Called Strike 0-1: Foul Ball, location: 2F 0-2: Ball 1-2: Ball 2-2: Ground out 5-3 (Groundball, 56, EV 83.8 MPH)
|
|
Batting: RHB T.J. Williams
|
0-0: Reached on error, E1 (Groundball, 13S, EV 67.5 MPH)
|
|
Batting: RHB Matviy Oliynyk
|
0-0: Ball 1-0: Foul Ball, location: 2F 1-1: Ground out 6-3 (Groundball, 6, EV 80.6 MPH)
|
| Bottom of the 3rd over - 0 runs, 0 hits, 1 error, 1 left on base; Springfield 0 - Colorado (EL) 2 |
| TOP OF THE 4TH |
|
Springfield Cardinals batting - Pitching for Colorado (EL) Rockies : RHP Iehohs Inatho
|
|
Batting: RHB Tyler Walker
|
0-0: Ball 1-0: Foul Ball, location: 2F 1-1: Ball 2-1: Foul Ball, location: 2F 2-2: Ball 3-2: Base on Balls
|
|
Batting: LHB Travis Ruppel
|
0-0: Called Strike 0-1: Called Strike 0-2: Fielders Choice at 2nd, 1-6 (Groundball, 13S, EV 67.5 MPH)
|
|
Batting: RHB Joe Alley
|
0-0: Ball 1-0: Foul Ball, location: 2F 1-1: Ball 2-1: Called Strike 2-2: Foul Ball, location: 2F 2-2: Foul Ball, location: 2F 2-2: Ball 3-2: Grounds into double play, 4-6-3 (Groundball, 34S, EV 86.2 MPH)
|
| Top of the 4th over - 0 runs, 0 hits, 0 errors, 0 left on base; Springfield 0 - Colorado (EL) 2 |
| BOTTOM OF THE 4TH |
|
Colorado (EL) Rockies batting - Pitching for Springfield Cardinals : RHP Sean Hartgrove
|
|
Batting: LHB Daniel Green
|
0-0: Ball 1-0: Ground out 5-3 (Groundball, 56, EV 78.1 MPH)
|
|
Batting: LHB Harry Folsom
|
0-0: Foul Ball, location: 2F 0-1: Foul Ball, location: 2F 0-2: Fly out, F8 (Flyball, 8LD, EV 88.8 MPH)
|
|
Batting: RHB Willie Benito
|
0-0: Called Strike 0-1: Foul Ball, location: 2F 0-2: Ball 1-2: Strikes out swinging
|
| Bottom of the 4th over - 0 runs, 0 hits, 0 errors, 0 left on base; Springfield 0 - Colorado (EL) 2 |
| TOP OF THE 5TH |
|
Springfield Cardinals batting - Pitching for Colorado (EL) Rockies : RHP Iehohs Inatho
|
|
Batting: RHB Davey Beeson
|
0-0: Called Strike 0-1: Fly out, F9 (Flyball, 9D, EV 94.4 MPH)
|
|
Batting: RHB Jose Jimenez
|
0-0: Bunt - Flyout to 13S! F1
|
|
Batting: RHB Kalidas Mishra
|
0-0: Ball 1-0: Called Strike 1-1: Ball 2-1: Ball 3-1: Base on Balls
|
|
Batting: RHB Jonathan Davis
|
0-0: Ball 1-0: Ball 2-0: Ball 3-0: Base on Balls Kalidas Mishra to second
|
|
Batting: RHB Edgar Landim
|
0-0: Swinging Strike 0-1: Foul Ball, location: 2F 0-2: Ball 1-2: Ball 2-2: Ball 3-2: Strikes out swinging
|
| Top of the 5th over - 0 runs, 0 hits, 0 errors, 2 left on base; Springfield 0 - Colorado (EL) 2 |
| BOTTOM OF THE 5TH |
|
Colorado (EL) Rockies batting - Pitching for Springfield Cardinals : RHP Sean Hartgrove
|
|
Batting: LHB Iehohs Inatho
|
0-0: Called Strike 0-1: Swinging Strike 0-2: Ground out 4-3 (Groundball, 34, EV 101.2 MPH)
|
|
Batting: RHB Yamashita Yagi
|
0-0: Called Strike 0-1: Ball 1-1: Ground out 4-3 (Groundball, 34, EV 80.6 MPH)
|
|
Batting: LHB Nick Martin
|
0-0: Ball 1-0: Ground out 4-3 (Groundball, 4S, EV 87.5 MPH)
|
| Bottom of the 5th over - 0 runs, 0 hits, 0 errors, 0 left on base; Springfield 0 - Colorado (EL) 2 |
| TOP OF THE 6TH |
|
Springfield Cardinals batting - Pitching for Colorado (EL) Rockies : RHP Iehohs Inatho
|
|
Batting: RHB Immel Kamuzu
|
0-0: Ball 1-0: Foul Ball, location: 2F 1-1: Called Strike 1-2: Ball 2-2: Foul Ball, location: 2F 2-2: Ball 3-2: Base on Balls
|
|
Batting: RHB Tyler Walker
|
0-0: Ball 1-0: Called Strike 1-1: Ball 2-1: Ball 3-1: Foul Ball, location: 2F 3-2: Base on Balls Immel Kamuzu to second
|
|
Batting: LHB Travis Ruppel
|
0-0: Ball 1-0: Ball 2-0: Swinging Strike 2-1: Swinging Strike 2-2: Foul Ball, location: 2F 2-2: SINGLE (Groundball, 34D, EV 105.0 MPH) Immel Kamuzu to third Tyler Walker to second
|
|
Batting: RHB Joe Alley
|
0-0: Foul Ball, location: 2F 0-1: Grounds into fielders choice 3-2 (Groundball, 34, EV 93.8 MPH) Tyler Walker to third Travis Ruppel to second
|
|
Pitching: RHP Terry Sterling
|
|
|
Batting: RHB Davey Beeson
|
0-0: Called Strike 0-1: Foul Ball, location: 2F 0-2: Ball 1-2: Fly out, F8 (Flyball, 8LM, EV 80.6 MPH)
|
|
Batting: RHB Jose Jimenez
|
0-0: Ball 1-0: Swinging Strike 1-1: Ball 2-1: Ball 3-1: Foul Ball, location: 2F 3-2: Foul Ball, location: 2F 3-2: Strikes out swinging
|
| Top of the 6th over - 0 runs, 1 hit, 0 errors, 3 left on base; Springfield 0 - Colorado (EL) 2 |
| BOTTOM OF THE 6TH |
|
Colorado (EL) Rockies batting - Pitching for Springfield Cardinals : RHP Sean Hartgrove
|
|
Batting: RHB Chris Osting
|
0-0: Foul Ball, location: 2F 0-1: Swinging Strike 0-2: Ball 1-2: Ball 2-2: Foul Ball, location: 2F 2-2: Strikes out looking
|
|
Batting: RHB T.J. Williams
|
0-0: Foul Ball, location: 2F 0-1: Foul Ball, location: 2F 0-2: Ground out 4-3 (Groundball, 4MD, EV 103.8 MPH)
|
|
Batting: RHB Matviy Oliynyk
|
0-0: Called Strike 0-1: Ball 1-1: Swinging Strike 1-2: Foul Ball, location: 2F 1-2: Ball 2-2: Foul Ball, location: 2F 2-2: Foul Ball, location: 2F 2-2: Foul Ball, location: 2F 2-2: Foul Ball, location: 2F 2-2: Ball 3-2: Foul Ball, location: 2F 3-2: Base on Balls
|
|
Batting: LHB Daniel Green
|
0-0: Ball 1-0: Called Strike 1-1: Called Strike Matviy Oliynyk steals 2nd, throwing error, E2 Matviy Oliynyk to third 1-2: Foul Ball, location: 2F 1-2: Ball 2-2: Ground out U3 (Groundball, 34, EV 106.2 MPH)
|
| Bottom of the 6th over - 0 runs, 0 hits, 1 error, 1 left on base; Springfield 0 - Colorado (EL) 2 |
| TOP OF THE 7TH |
|
Springfield Cardinals batting - Pitching for Colorado (EL) Rockies : RHP Terry Sterling
|
|
Pitching: LHP Kyle Mearkle
|
|
|
Batting: RHB Kalidas Mishra
|
0-0: Ball 1-0: Ball 2-0: Called Strike 2-1: Called Strike 2-2: Strikes out swinging
|
|
Batting: RHB Jonathan Davis
|
0-0: Ball 1-0: Reached on error, E6 (Groundball, 56, EV 88.1 MPH)
|
|
Batting: RHB Edgar Landim
|
0-0: Ball 1-0: Ball 2-0: Foul Ball, location: 2F 2-1: Foul Ball, location: 2F 2-2: Ball 3-2: Strikes out swinging
|
|
Batting: RHB Immel Kamuzu
|
0-0: Called Strike 0-1: Swinging Strike 0-2: Ball 1-2: Ball 2-2: Foul Ball, location: 2F 2-2: Strikes out looking
|
| Top of the 7th over - 0 runs, 0 hits, 1 error, 1 left on base; Springfield 0 - Colorado (EL) 2 |
| BOTTOM OF THE 7TH |
|
Colorado (EL) Rockies batting - Pitching for Springfield Cardinals : RHP Sean Hartgrove
|
|
Batting: LHB Harry Folsom
|
0-0: Ball 1-0: Ball 2-0: Ball 3-0: Base on Balls
|
|
Pitching: RHP Ben Cook
|
|
|
Batting: RHB Willie Benito
|
0-0: Called Strike 0-1: Foul Ball, location: 2F 0-2: Ball 1-2: Ball 2-2: Ball 3-2: Foul Ball, location: 2F 3-2: Foul Ball, location: 2F 3-2: Base on Balls Harry Folsom to second
|
|
Batting: LHB Iehohs Inatho
|
0-0: Bunted foul 0-1: Sac Bunt to 13S - play at first, batter OUT! 1-4 Harry Folsom to third Willie Benito to second
|
|
Batting: RHB Yamashita Yagi
|
0-0: SINGLE (Groundball, 6M, EV 95.0 MPH) Harry Folsom scores Willie Benito to third Runner from 3rd tries for Home, SAFE, throw by CF to home
|
|
Batting: LHB Nick Martin
|
0-0: Ball 1-0: Ball 2-0: Called Strike 2-1: Fielders Choice at 2nd, 4-6 (Groundball, 4, EV 86.2 MPH)
|
|
Batting: RHB Chris Osting
|
0-0: Ball 1-0: Foul Ball, location: 2F 1-1: Ball 2-1: Called Strike Nick Martin is caught stealing 2nd base 2-4
|
| Bottom of the 7th over - 2 runs, 1 hit, 0 errors, 0 left on base; Springfield 0 - Colorado (EL) 4 |
| TOP OF THE 8TH |
|
Springfield Cardinals batting - Pitching for Colorado (EL) Rockies : LHP Kyle Mearkle
|
|
Pitching: RHP Manny Lebron
|
|
|
Batting: RHB Tyler Walker
|
0-0: Ball 1-0: Foul Ball, location: 2F 1-1: Foul Ball, location: 2F 1-2: Foul Ball, location: 2F 1-2: Ball 2-2: Ball 3-2: DOUBLE (Line Drive, 78D, EV 105.0 MPH)
|
|
Batting: LHB Travis Ruppel
|
0-0: Ball 1-0: Called Strike 1-1: Ball 2-1: Ground out U3 (Groundball, 3, EV 110.6 MPH) Tyler Walker to third
|
|
Batting: RHB Joe Alley
|
0-0: Ball 1-0: Foul Ball, location: 2F 1-1: Foul Ball, location: 2F 1-2: SINGLE (Flyball, 8RS, EV 91.9 MPH) Tyler Walker scores
|
|
Batting: RHB Davey Beeson
|
0-0: Ball 1-0: Ball 2-0: Swinging Strike 2-1: Ball 3-1: Ground out 4-3 (Groundball, 34S, EV 77.5 MPH) Joe Alley to second
|
|
Batting: RHB Jose Jimenez
|
0-0: Ball 1-0: Fly out, F7 (Flyball, 7D, EV 83.1 MPH)
|
| Top of the 8th over - 1 run, 2 hits, 0 errors, 1 left on base; Springfield 1 - Colorado (EL) 4 |
| BOTTOM OF THE 8TH |
|
Colorado (EL) Rockies batting - Pitching for Springfield Cardinals : RHP Ben Cook
|
|
Pitching: RHP Chris Ray
|
|
|
Batting: RHB Chris Osting
|
0-0: Ball 1-0: Ball 2-0: Foul Ball, location: 2F 2-1: Foul Ball, location: 2F 2-2: Ball 3-2: Strikes out swinging
|
|
Batting: RHB T.J. Williams
|
0-0: Ball 1-0: Swinging Strike 1-1: Foul Ball, location: 2F 1-2: Foul Ball, location: 2F 1-2: Ground out 4-3 (Groundball, 34, EV 88.1 MPH)
|
|
Batting: RHB Matviy Oliynyk
|
0-0: Ball 1-0: Ground out 5-3 (Groundball, 56S, EV 93.8 MPH)
|
| Bottom of the 8th over - 0 runs, 0 hits, 0 errors, 0 left on base; Springfield 1 - Colorado (EL) 4 |
| TOP OF THE 9TH |
|
Springfield Cardinals batting - Pitching for Colorado (EL) Rockies : RHP Manny Lebron
|
|
Batting: RHB Kalidas Mishra
|
0-0: Called Strike 0-1: Ball 1-1: Ball 2-1: Ball 3-1: Base on Balls
|
|
Batting: RHB Jonathan Davis
|
0-0: Called Strike 0-1: Foul Ball, location: 2F 0-2: Ball Pickoff Throw by Catcher to First - Out! 1-2: Ball 2-2: Foul Ball, location: 2F 2-2: Ball 3-2: SOLO HOME RUN (Flyball, 7LD, EV 89.4 MPH), Distance : 332 ft
|
|
Batting: RHB Edgar Landim
|
0-0: Ball 1-0: Ground out 1-3 (Groundball, 13S, EV 67.5 MPH)
|
|
Batting: RHB Immel Kamuzu
|
0-0: Ball 1-0: Ball 2-0: Ball 3-0: Called Strike 3-1: Called Strike 3-2: Foul Ball, location: 2F 3-2: Base on Balls
|
|
Batting: RHB Tyler Walker
|
0-0: Foul Ball, location: 2F 0-1: Swinging Strike 0-2: Ball 1-2: Fly out, F7 (Flyball, 7D, EV 75.6 MPH)
|
| Top of the 9th over - 1 run, 1 hit, 0 errors, 1 left on base; Springfield 2 - Colorado (EL) 4 |
|